Map: 2000 Atmospheres LE

Players

GunGFuBanDa

  • Race: Protoss Protoss

SortOf - Winner!

  • Race: Zerg Zerg

Event: DreamHack SC2 Masters 2021 Fall

VOD

Have the link to the VOD?

Description

Time

  • Played on: July 29, 2021, 1:49 p.m.
  • Length: 31:12

All games in this series

Show
View Real Time Build Order
Export as new Build Order

GunGFuBanDa Protoss 

Build Orders: 1 Gate Expand, Oracle Opening, Carriers, Zealot Archon 

Get SALT Encoding   

  12  0:00  Probe  
  13  0:12  Probe  
  14  0:16  Pylon  
  14  0:24  Probe (Chrono Boost)  
  16  0:36  Probe (Chrono Boost)  
  16  0:39  Gateway  
  16  0:42  Probe (Chrono Boost)  
  16  0:48  Assimilator  
  17  0:52  Probe  
  18  1:04  Probe  
  19  1:16  Probe  
  20  1:25  Nexus  
  20  1:36  Cybernetics Core  
  20  1:38  Probe  
  21  1:43  Assimilator  
  21  1:52  Pylon  
  21  1:53  Probe (Chrono Boost)  
  22  2:02  Probe (Chrono Boost)  
  22  2:08  Probe  
  23  2:09  Adept (Chrono Boost)  
  26  2:17  Stargate  
  26  2:20  Probe  
  27  2:25  Warp Gate  
  27  2:33  Adept  
  27  2:35  Probe (Chrono Boost)  
  30  2:38  Probe (Chrono Boost)  
  31  2:49  Probe x2 (Chrono Boost)  
  33  2:55  Probe  
  33  2:56  Probe  
  35  2:59  Oracle (Chrono Boost)  
  38  3:08  Probe  
  38  3:09  Probe  
  40  3:14  Gateway  
  40  3:16  Pylon  
  40  3:20  Adept, Probe  
  40  3:21  Probe  
  44  3:34  Oracle (Chrono Boost)  
  44  3:38  Probe x2  
  44  3:41  Pylon  
  49  3:59  Nexus, Probe x2  
  51  4:05  Assimilator  
  51  4:07  Assimilator  
  54  4:10  Oracle (Chrono Boost)  
  54  4:11  Probe x2  
  54  4:16  Stalker  
  58  4:23  Probe x2  
  58  4:24  Pylon  
  60  4:29  Robotics Facility  
  60  4:35  Shield Battery, Probe  
  61  4:41  Probe  
  62  4:47  Probe  
  63  4:53  Forge, Probe  
  63  4:55  Sentry  
  63  4:56  Twilight Council  
  63  4:59  Probe  
  67  5:06  Probe (Chrono Boost)  
  68  5:08  Immortal  
  68  5:12  Probe (Chrono Boost)  
  69  5:14  Probe (Chrono Boost)  
  69  5:18  Probe (Chrono Boost)  
  71  5:22  Robotics Bay  
  71  5:23  Probe (Chrono Boost)  
  71  5:25  Probe (Chrono Boost)  
  71  5:26  Probe (Chrono Boost)  
  74  5:29  Sentry, Zealot, Probe (Chrono Boost)  
  74  5:30  Probe (Chrono Boost)  
  74  5:32  Probe  
  81  5:38  Probe  
  81  5:40  Probe  
  81  5:42  Protoss Ground Weapons Level 1  
  83  5:43  Charge  
  83  5:44  Probe  
  83  5:47  Assimilator  
  84  5:50  Probe  
  84  5:51  Assimilator  
  85  5:59  Pylon  
  85  6:01  Pylon  
  85  6:13  Pylon  
  85  6:15  Pylon, Disruptor (Chrono Boost), Dark Shrine  
  85  6:17  Pylon, Probe x3  
  91  6:21  Gateway x2  
  91  6:24  Sentry, Zealot  
  95  6:29  Probe x3  
  98  6:41  Probe x3  
  98  6:44  Photon Cannon, Disruptor, Gateway  
  98  6:45  Gateway  
  98  6:46  Pylon  
  104  6:50  Zealot x2  
  104  6:53  Pylon, Probe x2  
  110  7:01  Phoenix  
  110  7:06  Gateway  
  110  7:07  Gateway  
  110  7:11  Pylon  
  110  7:13  Pylon  
  110  7:20  Observer (Chrono Boost)  
  111  7:22  Zealot x4  
  119  7:30  Blink  
  119  7:32  Photon Cannon  
  119  7:37  Warp Prism (Chrono Boost)  
  119  7:41  Dark Templar x2  
  125  7:44  Dark Templar x2  
  125  7:45  Dark Templar x2  
  125  7:46  Archon  
  125  7:49  Archon x2  
  133  7:53  Pylon  
  133  7:55  Probe x2  
  133  7:56  Probe  
  136  8:00  Photon Cannon  
  136  8:02  Nexus  
  136  8:04  Pylon  
  132  8:09  Warp Prism  
  134  8:15  Protoss Ground Weapons Level 2 (Chrono Boost)  
  134  8:18  Dark Templar x4  
  134  8:19  Zealot x3  
  148  8:32  Archon x2  
  148  8:35  Probe x2  
  148  8:38  Dark Templar, Photon Cannon  
  148  8:39  Photon Cannon  
  148  8:41  Shield Battery  
  152  8:45  Disruptor  
  151  8:57  Dark Templar, Probe  
  151  8:58  Dark Templar  
  156  9:06  Dark Templar x2  
  156  9:07  Zealot x3  
  166  9:12  Archon x2  
  166  9:13  Probe x2  
  166  9:14  Probe x2  
  168  9:25  Probe  
  168  9:29  Zealot x4  
  168  9:30  Zealot x2  
  181  9:32  Shield Battery, Photon Cannon  
  153  9:50  Zealot  
  153  9:51  Zealot x7  
  163  9:55  Immortal  
  163  9:56  Probe  
  168  10:00  Fleet Beacon  
  168  10:01  Protoss Air Weapons Level 1 (Chrono Boost)  
  168  10:02  Stargate  
  168  10:09  Probe  
  168  10:12  Assimilator x2  
  161  10:29  Sentry x2  
  161  10:30  Stalker x6  
  161  10:34  Gateway  
  175  10:37  Gateway  
  175  10:38  Gateway  
  175  10:41  Protoss Ground Weapons Level 3 (Chrono Boost)  
  175  10:42  Photon Cannon  
  173  10:44  Shield Battery  
  173  10:47  Immortal (Chrono Boost)  
  173  10:54  Carrier x2 (Chrono Boost)  
  187  11:09  Photon Cannon x2  
  187  11:12  Shield Battery  
  187  11:30  Pylon  
  187  11:32  Pylon  
  187  11:34  Pylon  
  187  11:36  Nexus  
  187  11:38  Mothership (Chrono Boost)  
  187  11:39  Unknown  
  187  11:40  Pylon  
  187  11:42  Templar Archives  
  195  12:00  Photon Cannon  
  191  12:01  Photon Cannon  
  191  12:04  Photon Cannon  
  191  12:07  Shield Battery, Shadow Stride  
  191  12:08  Shield Battery  
  191  12:10  Pylon  
  191  12:17  Dark Templar x2  
  191  12:18  Dark Templar x2  
  181  12:52  Carrier x2 (Chrono Boost)  
  189  12:58  Psionic Storm  
  189  12:59  Stargate, Zealot x5  
  189  13:01  Stargate  
  196  13:07  Gravitic Drive (Chrono Boost)  
  196  13:16  Nexus  
  196  13:18  Pylon  
  194  13:33  Zealot x5  
  200  13:39  Zealot x5  
  190  13:46  Carrier x2 (Chrono Boost)  
  154  13:55  Cybernetics Core  
  154  13:56  Immortal (Chrono Boost)  
  154  13:57  Pylon, Gravitic Boosters  
  154  13:58  Pylon  
  154  14:01  Dark Templar x3  
  154  14:08  Zealot x5  
  154  14:09  Zealot x2  
  168  14:22  Archon  
  165  14:26  High Templar  
  164  14:37  Stalker x9  
  164  14:38  Stalker  
  175  14:47  Immortal  
  174  15:08  High Templar  
  174  15:09  High Templar x4  
  174  15:11  High Templar  
  186  15:14  Protoss Air Weapons Level 2 (Chrono Boost)  
  186  15:19  Flux Vanes  
  186  15:20  Dark Templar  
  188  15:22  Void Ray (Chrono Boost)  
  188  15:23  Void Ray (Chrono Boost)  
  188  15:32  Void Ray (Chrono Boost), Protoss Shields Level 1 (Chrono Boost)  
  190  15:52  Photon Cannon  
  190  15:55  Photon Cannon x2  
  190  15:56  Photon Cannon  
  186  15:57  Photon Cannon x2  
  186  15:58  Photon Cannon  
  186  15:59  Photon Cannon  
  186  16:00  Shield Battery  
  186  16:01  Photon Cannon, High Templar x2  
  186  16:02  High Templar x2  
  198  16:04  Dark Templar  
  199  16:11  Archon x2  
  191  16:22  Zealot  
  191  16:23  Zealot x3  
  199  16:28  Void Ray (Chrono Boost)  
  191  16:36  Dark Templar x2, Zealot x2  
  195  16:48  Archon  
  187  17:06  High Templar x3  
  187  17:07  High Templar x3  
  199  17:12  Archon x3  
  195  17:17  Shield Battery  
  195  17:18  Shield Battery  
  195  17:20  Pylon, Photon Cannon  
  195  17:22  Nexus  
  195  17:25  Pylon  
  191  17:50  Dark Templar  
  177  17:56  Void Ray  
  177  17:57  Void Ray x2  
  167  18:07  Immortal  
  165  18:22  Archon  
  118  18:33  Void Ray (Chrono Boost)  
  92  18:36  Dark Templar  
  92  18:41  Stalker x8  
  102  18:42  Stalker  
  102  18:44  Void Ray (Chrono Boost)  
  102  18:45  Void Ray (Chrono Boost), Probe  
  127  19:05  Void Ray (Chrono Boost)  
  127  19:06  Observer  
  130  19:28  High Templar x4  
  138  19:32  Shield Battery  
  138  19:34  Assimilator, Photon Cannon  
  138  19:35  Pylon  
  138  19:39  Photon Cannon  
  138  19:43  Assimilator  
  138  19:45  Warp Prism (Chrono Boost)  
  140  19:55  Robotics Facility  
  140  20:10  Nexus  
  140  20:12  Pylon  
  140  20:15  Pylon  
  140  20:33  Carrier (Chrono Boost)  
  140  20:34  Carrier (Chrono Boost)  
  140  20:35  Zealot x5  
  162  20:45  Carrier (Chrono Boost)  
  166  20:56  Photon Cannon  
  164  20:57  Photon Cannon  
  164  20:59  Photon Cannon  
  164  21:02  Shield Battery  
  164  21:05  Protoss Air Weapons Level 3 (Chrono Boost), Shield Battery  
  164  21:06  Pylon  
  164  21:12  Immortal (Chrono Boost)  
  168  21:20  Dark Templar  
  162  21:43  Carrier (Chrono Boost)  
  168  21:54  Assimilator x2  
  162  22:20  Zealot x3  
  162  22:21  Zealot  
  170  22:33  Carrier x2 (Chrono Boost)  
  182  22:39  Zealot x6  
  188  23:01  Protoss Shields Level 2 (Chrono Boost)  
  188  23:03  Nexus, Mothership (Chrono Boost)  
  188  23:04  Pylon  
  196  23:23  Protoss Air Armor Level 1 (Chrono Boost)  
  196  23:26  Photon Cannon  
  196  23:27  Photon Cannon  
  196  23:28  Photon Cannon  
  196  23:29  Shield Battery  
  196  23:31  Shield Battery  
  196  23:34  Shield Battery  
  196  23:38  Observer x2  
  196  24:01  High Templar  
  184  24:04  Assimilator  
  184  24:09  Assimilator  
  184  24:12  Pylon  
  184  24:15  Pylon  
  184  24:16  Zealot x9  
  198  24:21  Shield Battery  
  198  24:22  Shield Battery, Observer  
  190  24:39  Dark Templar x2  
  190  24:40  Dark Templar x3  
  192  25:02  Observer  
  192  25:04  High Templar  
  192  25:05  High Templar x2  
  194  25:10  Protoss Ground Armor Level 1  
  194  25:28  Protoss Air Armor Level 2 (Chrono Boost)  
  193  26:00  Gateway  
  193  26:02  Gateway  
  193  26:04  Gateway  
  193  26:06  Gateway  
  193  26:08  Unknown  
  193  26:10  Gateway  
  193  26:11  High Templar x2  
  189  26:37  Stargate  
  189  26:41  Stargate  
  189  26:52  Photon Cannon  
  189  26:55  Photon Cannon  
  189  26:57  Gateway  
  189  26:59  Gateway  
  189  27:03  Shield Battery  
  189  27:05  Pylon  
  189  27:06  Oracle  
  134  28:13  Stalker x2  
  134  28:14  Stalker x10  
  134  28:15  Stalker x2  
  108  28:35  Probe  
  108  28:36  Probe  
  108  28:39  Zealot  
  108  28:40  Zealot x10  
  122  28:42  Immortal x2  
  130  28:53  Dark Templar x2, Zealot  
  136  28:58  Archon  
  89  29:19  High Templar x3  
  89  29:20  High Templar x5, Zealot  
  89  29:21  Zealot x3  
  89  29:22  Immortal x2  
  107  29:26  Archon x2  
  107  29:27  Archon x2  
  107  29:41  High Templar x2  
  107  29:42  Zealot x4  
  119  29:45  Archon  
  119  29:47  Nexus  
  119  29:52  Zealot x6  
  121  29:53  Zealot x2  
  121  30:00  Warp Prism  
  107  30:10  Zealot x5  
  111  30:16  Stalker x6  
  111  30:27  Stalker x2  
  76  30:47  Zealot x5  
Show
View Real Time Build Order
Export as new Build Order

SortOf Zerg - Winner!

Build Orders: Hatch First 

Get SALT Encoding   

  12  0:00  Drone  
  13  0:12  Overlord  
  13  0:16  Drone  
  14  0:30  Drone x2  
  16  0:45  Drone  
  17  0:50  Hatchery  
  17  0:54  Drone  
  17  1:00  Drone  
  18  1:12  Extractor  
  18  1:13  Spawning Pool  
  18  1:17  Drone  
  17  1:20  Drone  
  18  1:27  Drone  
  19  1:38  Drone  
  20  1:48  Overlord  
  20  1:59  Queen  
  22  2:02  Queen  
  22  2:03  Zergling x2  
  22  2:05  Drone  
  26  2:11  Zergling x2  
  26  2:14  Drone  
  28  2:16  Metabolic Boost  
  28  2:21  Drone  
  29  2:25  Drone  
  30  2:38  Hatchery  
  30  2:44  Queen, Drone  
  29  2:47  Drone  
  29  2:50  Overlord  
  33  2:56  Zergling x2  
  34  2:58  Drone  
  34  2:59  Drone  
  36  3:08  Queen  
  36  3:09  Overlord  
  36  3:11  Drone  
  39  3:14  Drone  
  39  3:15  Drone  
  39  3:19  Drone x2  
  43  3:23  Drone  
  44  3:27  Queen  
  44  3:30  Drone  
  47  3:37  Drone x2  
  49  3:41  Spore Crawler  
  48  3:51  Queen  
  48  3:55  Drone x3  
  50  3:56  Drone  
  50  4:00  Overlord  
  50  4:01  Spore Crawler, Drone x2  
  52  4:03  Zergling x4  
  52  4:09  Drone  
  55  4:11  Drone x2  
  55  4:12  Drone  
  57  4:17  Overlord  
  57  4:23  Overlord  
  57  4:24  Drone x4  
  61  4:33  Drone x3  
  61  4:34  Zergling x2  
  61  4:35  Zergling x2  
  66  4:44  Drone x3  
  66  4:45  Drone  
  67  4:47  Drone  
  67  4:48  Drone  
  67  4:49  Lair  
  67  4:51  Roach Warren  
  67  4:52  Extractor  
  66  4:54  Extractor, Spore Crawler, Drone x3  
  66  4:57  Drone x2  
  69  5:00  Overlord  
  69  5:05  Drone x4  
  72  5:13  Drone  
  73  5:22  Overlord  
  73  5:24  Extractor, Drone x7  
  73  5:25  Extractor  
  78  5:36  Drone x3, Evolution Chamber  
  78  5:37  Overlord  
  78  5:42  Overlord  
  80  5:44  Drone x3  
  80  5:46  Queen, Hatchery  
  84  5:53  Drone  
  84  5:54  Drone  
  84  5:55  Overlord  
  84  5:56  Glial Reconstitution  
  86  5:59  Drone  
  86  6:02  Extractor  
  84  6:04  Overlord  
  84  6:06  Roach x5  
  84  6:11  Zerg Missile Weapons Level 1  
  93  6:12  Roach x2  
  93  6:17  Baneling Nest  
  96  6:21  Overlord  
  96  6:22  Roach x4  
  104  6:26  Overlord  
  104  6:29  Overseer  
  104  6:30  Overlord  
  104  6:34  Roach x4  
  104  6:36  Overlord  
  104  6:37  Overlord  
  112  6:45  Roach  
  112  6:46  Ravager x3, Roach x3  
  123  6:48  Ravager  
  124  6:56  Drone x6  
  124  6:59  Spore Crawler  
  129  7:03  Roach x5  
  139  7:09  Overlord  
  139  7:15  Overlord  
  136  7:18  Overlord  
  136  7:20  Roach x6  
  144  7:25  Drone x3  
  144  7:26  Drone  
  144  7:28  Infestation Pit  
  147  7:30  Evolution Chamber  
  147  7:31  Drone x2  
  147  7:32  Drone  
  147  7:36  Drone x3  
  152  7:39  Centrifical Hooks  
  152  7:43  Ravager, Drone x4  
  158  7:44  Ravager  
  158  7:53  Drone x6  
  158  7:55  Extractor  
  158  7:57  Zerg Melee Weapons Level 1  
  160  7:59  Zergling x12  
  160  8:00  Ravager x2  
  160  8:05  Overlord  
  168  8:08  Spore Crawler  
  168  8:09  Drone x3  
  168  8:10  Zergling x8  
  174  8:14  Hive  
  174  8:22  Zergling x10  
  174  8:23  Zergling x4, Zerg Ground Armor Level 1  
  181  8:30  Drone  
  181  8:31  Drone  
  181  8:32  Spore Crawler, Baneling x15  
  180  8:46  Zergling x20  
  188  8:57  Zergling x16  
  188  9:00  Baneling  
  188  9:01  Baneling x8  
  196  9:05  Hatchery  
  196  9:09  Drone x2  
  197  9:13  Zergling x4  
  198  9:26  Zergling x10  
  198  9:28  Baneling x3  
  198  9:29  Baneling x8  
  196  9:37  Zergling x24  
  176  9:39  Zergling x2  
  156  9:49  Roach x7  
  168  9:58  Viper x2  
  174  10:06  Zerg Melee Weapons Level 2  
  174  10:07  Ultralisk Cavern  
  174  10:10  Adrenal Glands  
  174  10:11  Drone x11  
  184  10:16  Baneling x4  
  184  10:18  Overseer  
  184  10:20  Drone x4  
  188  10:26  Roach x3  
  190  10:33  Extractor  
  189  10:40  Ultralisk Cavern  
  188  10:44  Extractor  
  188  10:47  Drone  
  188  10:48  Drone x3, Spine Crawler  
  188  10:49  Baneling x5  
  190  10:50  Overlord  
  190  10:51  Zergling x16  
  190  10:55  Extractor, Spine Crawler  
  190  10:56  Zerg Ground Armor Level 2  
  195  10:58  Chitinous Plating  
  195  11:01  Overlord  
  196  11:04  Spire  
  196  11:06  Overlord  
  196  11:11  Overlord  
  194  11:15  Zergling x12  
  194  11:17  Baneling  
  194  11:18  Baneling x9  
  197  11:33  Spine Crawler  
  197  11:34  Spore Crawler, Spine Crawler x2  
  197  11:36  Zergling x8  
  197  11:37  Zergling x6  
  197  11:39  Overseer  
  199  12:17  Greater Spire  
  199  12:18  Anabolic Synthesis  
  199  12:22  Baneling  
  199  12:23  Baneling x2  
  199  12:28  Pneumatized Carapace  
  199  12:37  Spine Crawler  
  199  12:39  Baneling x3  
  198  12:50  Ultralisk x8  
  196  12:53  Zergling x8  
  199  13:09  Zerg Melee Weapons Level 3  
  192  13:32  Zergling x2  
  192  13:33  Zergling x24  
  175  13:44  Corruptor x12  
  175  13:47  Corruptor  
  179  13:55  Viper  
  179  13:57  Queen x3, Hatchery  
  179  14:01  Drone x9  
  195  14:02  Zergling x2  
  195  14:03  Zergling x4  
  195  14:06  Zergling x4  
  185  14:10  Zergling x2  
  185  14:16  Zerg Flyer Armor Level 1  
  172  14:27  Zergling x16, Baneling  
  172  14:28  Baneling x6  
  172  14:31  Baneling  
  178  14:32  Baneling  
  178  14:34  Zergling x6  
  180  14:46  Zergling x10  
  180  14:50  Hatchery  
  183  14:59  Zergling x14  
  177  15:00  Zergling x2  
  171  15:08  Ultralisk  
  171  15:12  Ultralisk  
  177  15:29  Overseer x3  
  177  15:33  Overseer  
  177  15:34  Corruptor x4  
  185  15:49  Ultralisk  
  187  15:58  Zergling x22  
  193  16:25  Zergling x22  
  199  16:31  Spine Crawler x2  
  192  16:38  Brood Lord x3  
  192  16:39  Hatchery  
  193  16:41  Spore Crawler  
  190  16:55  Pathogen Glands  
  190  17:06  Corruptor x5  
  199  17:13  Spore Crawler  
  199  17:14  Spore Crawler  
  197  17:21  Spore Crawler  
  197  17:22  Spore Crawler  
  195  17:24  Baneling x3  
  195  17:35  Zergling x8  
  195  17:49  Corruptor x8  
  174  17:58  Zergling x6  
  174  18:01  Zergling x10  
  149  18:22  Zergling x6  
  149  18:24  Drone x5  
  149  18:26  Drone x3  
  136  18:38  Infestor x4  
  136  18:39  Infestor  
  144  18:54  Neural Parasite  
  138  18:56  Viper x2  
  142  19:12  Zergling x8  
  144  19:20  Drone x7  
  151  19:33  Overlord  
  151  19:36  Corruptor  
  153  19:40  Zerg Flyer Armor Level 2  
  153  19:44  Zergling x16  
  161  20:04  Unknown  
  160  20:09  Overseer  
  160  20:13  Infestor x2  
  164  20:18  Corruptor x2  
  166  20:26  Hatchery  
  165  20:29  Roach  
  165  20:30  Zergling x20  
  165  20:31  Baneling x2  
  170  20:52  Hatchery  
  169  21:03  Zergling x24  
  180  21:22  Zergling x14  
  187  21:35  Infestor x4  
  189  21:49  Infestor x4  
  195  21:54  Baneling  
  195  21:55  Baneling x3  
  194  22:10  Spore Crawler  
  194  22:14  Overseer  
  194  22:15  Corruptor x2  
  197  22:43  Overlord  
  179  22:45  Ultralisk x3  
  192  22:57  Queen  
  194  23:02  Hatchery  
  193  23:13  Drone x6  
  193  23:16  Baneling x5  
  199  23:30  Extractor  
  199  23:31  Extractor  
  195  24:01  Spore Crawler, Brood Lord x2  
  195  24:02  Spore Crawler, Brood Lord x3  
  187  24:23  Corruptor x6  
  187  24:24  Corruptor  
  185  24:26  Baneling  
  185  24:27  Baneling  
  185  24:28  Zergling x4  
  199  24:36  Overseer x2  
  199  24:47  Zerg Flyer Weapons Level 1  
  199  24:48  Spore Crawler x4, Zerg Ground Armor Level 3  
  199  24:49  Spore Crawler  
  199  24:50  Spore Crawler  
  174  25:15  Zergling x24  
  186  25:25  Brood Lord  
  186  25:26  Brood Lord x2  
  186  25:27  Hatchery  
  191  25:30  Viper  
  194  25:36  Drone x6  
  200  26:02  Baneling  
  200  26:03  Baneling x2  
  200  26:11  Hatchery  
  197  26:30  Zergling x14  
  199  26:37  Extractor  
  198  26:41  Spore Crawler  
  197  26:52  Extractor  
  195  27:12  Drone x6  
  199  27:30  Baneling x5  
  191  27:44  Corruptor x4  
  161  28:07  Infestor  
  161  28:08  Viper x2, Infestor x2  
  161  28:11  Corruptor x5  
  178  28:13  Zergling x20  
  172  28:33  Zergling x40  
  172  28:34  Queen x5  
  174  28:46  Spore Crawler  
  171  28:54  Zergling x24  
  165  29:10  Zergling x16  
  153  29:25  Ultralisk  
  159  29:40  Brood Lord x3  
  164  29:56  Zergling x6  
  164  29:58  Zergling x16  
  163  30:03  Zergling x6  
  159  30:08  Zergling x6  
  159  30:12  Zergling x4  
  154  30:17  Zergling x4  
  150  30:22  Zergling x6  
  147  30:35  Zergling x16  
  149  30:39  Zergling x4  
  149  30:41  Zergling x2  
  133  30:45  Zergling x2  
  133  30:46  Zergling x2  
  133  30:47  Zergling x2  
  133  30:48  Zergling x2  
  131  30:52  Zergling x4  

Tags
 
Add a new tag
Caveats
  • Supply blocks, unpowered buildings, or Contaminate may cause inaccurate times.
  • Supply counts are checked every 10 seconds.